 Dungeon Crawl Stone Soup version 0.28.0-43-g3370ac3207 (webtiles) character file.

Game seed: 10099523151031181723

546 Orthodox the Cutter (level 7, -1/44 HPs)
             Began as a Vampire Gladiator on Mar 28, 2022.
             Succumbed to a kobold brigand's poison
             ... on level 5 of the Dungeon.
             The game lasted 00:10:33 (6220 turns).

Orthodox the Cutter (Vampire Gladiator)             Turns: 6220, Time: 00:10:34

Health: -1/44      AC:  7    Str: 15    XL:     7   Next: 6%
Magic:  7/7        EV: 12    Int: 10    God:
Gold:   168        SH:  5    Dex: 16    Spells: 6/6 levels left

rFire   . . .      SeeInvis +   a - +0 rapier
rCold   . . .      Faith    .   (no shield)
rNeg    . . .      Spirit   .   r - +0 ring mail
rPois   .          Reflect  +   c - +0 helmet
rElec   .          Harm     .   (no cloak)
rCorr   .          Rampage  .   t - +0 pair of gloves
Will    .....                   (no boots)
Stlth   +.........              o - amulet of reflection
HPRegen 0.34/turn               (no ring)
MPRegen 0.10/turn               (no ring)

@: lethally poisoned (-1 -> -20), healing quickly
A: alive, fangs 3, see invisible, vampiric 2, [frail 2]
a: Exsanguinate


You were on level 5 of the Dungeon.
You visited 1 branch of the dungeon, and saw 5 of its levels.
You also visited: Sewer.

You collected 168 gold pieces.

Inventory:

Hand Weapons
 a - a +0 rapier (weapon)
Missiles
 d - a throwing net (quivered) {!f}
 k - 2 boomerangs
Armour
 c - a +0 helmet (worn)
 r - a +0 ring mail (worn)
 t - a +0 pair of gloves (worn)
Jewellery
 f - a ring of fire
 o - an amulet of reflection (around neck)
Wands
 m - a wand of iceblast (12)
 v - a wand of digging (5)
 z - a wand of flame (4)
Scrolls
 b - a scroll of noise {unknown}
 e - 2 scrolls of blinking
 g - a scroll of silence
 i - a scroll of immolation
 p - 2 scrolls of enchant weapon
 q - a scroll of vulnerability {unknown}
 w - a scroll of amnesia {unknown}
 y - a scroll of teleportation {unknown}
 C - a scroll of brand weapon {unknown}
 E - a scroll of summoning {unknown}
Potions
 h - a potion of heal wounds
 j - a potion of brilliance {unknown}
 l - 4 potions of ambrosia {unknown}
 n - a potion of curing {@q1}
 s - a potion of attraction {unknown}
 u - a potion of lignification {unknown}
 x - a potion of resistance {unknown}
 A - a potion of haste {unknown}
 B - a potion of cancellation {unknown}
 D - a potion of berserk rage {unknown}


   Skills:
 + Level 5.1 Fighting
 + Level 6.7 Short Blades
 - Level 1.5 Throwing
 - Level 3.2 Dodging


You had 6 spell levels left.
You didn't know any spells.
Your spell library contained the following spells:

 Spells                   Type           Power      Damage    Failure   Level
 Frozen Ramparts          Ice            0%         1d2       92%         3
 Gell's Gravitas          Tloc           0%         N/A       92%         3
 Teleport Other           Tloc           0%         N/A       92%         3
 Ice Form                 Ice/Tmut       0%         N/A       100%        4
 Summon Ice Beast         Ice/Summ       0%         N/A       100%        4
 Dispersal                Tloc           0%         N/A       100%        6


Dungeon Overview and Level Annotations

Branches:
Dungeon (5/15)              Sewer (visited)
 Temple: D:4-7

Altars:
Ashenzari
Xom


Innate Abilities, Weirdness & Mutations

Your natural rate of healing is accelerated.
You have razor-sharp teeth.
You have supernaturally acute eyesight. (SInv)
You are afflicted with vampirism and can become a bat while bloodless.
[You are very frail. (-20% HP)]


Message History

The kobold brigand throws a poisoned dart.
The poisoned dart hits you!
You are more poisoned.
You hit the kobold.
You kill the kobold!
You feel very sick.
You take 4 damage, and have 33/44 hp.
You feel very sick.
The kobold throws a poisoned dart.
The poisoned dart hits you!
You are more poisoned.
You take 4 damage, and have 29/44 hp.
You feel very sick.
The kobold brigand throws a poisoned dart.
The poisoned dart hits you!
You are more poisoned.
You take 3 damage, and have 26/44 hp.
You feel very sick.
You take 5 damage, and have 21/44 hp.
You feel very sick.
You take 4 damage, and have 17/44 hp.
You feel very sick.
The kobold throws a poisoned dart.
The poisoned dart hits you!
You are lethally poisoned!
The kobold brigand throws a poisoned dart.
The poisoned dart hits you!
You are more poisoned.
You take 2 damage, and have 15/44 hp.
* * * LOW HITPOINT WARNING * * *
You feel extremely sick.
The kobold throws a stone.
The stone hits you but does no damage.
The kobold brigand throws a poisoned dart.
You reflect the poisoned dart off an invisible shield around you!
The poisoned dart barely misses the kobold brigand.
The poisoned dart misses the kobold.
The poisoned dart closely misses the kobold.
You take 7 damage, and have 8/44 hp.
* * * LOW HITPOINT WARNING * * *
You feel very sick.
You take 6 damage, and have 2/44 hp.
You die...

...... ##..#...#
....... ##.#(..#
.........###.#...#
#....)......).#..)#
#.......#...#.##'##
###......######..#...
#.......#.#.##...#...#
#....#.......#†.P#####
....##....@.....#
#................#
...#...........## # .>
#...........# #.####.
#..KKK......#
......##.K.........#
......#.KK..........+
#..........>.#..#
#....##.....#...#


You could see a kobold brigand and 5 kobolds.

Vanquished Creatures
  An ogre (D:5)
  A scorpion (D:4)
  A centaur zombie (D:5)
  2 orc priests (D:3)
  A bullfrog skeleton (D:4)
  2 iguanas
  An orc wizard (D:3)
  A hell rat (Sewer)
  A hound skeleton (D:4)
  3 river rats
  6 adders
  A worm (D:3)
  4 dart slugs
  8 orcs (D:3)
  5 ball pythons
  4 bats
  5 endoplasms
  A giant cockroach (D:4)
  4 goblins
  7 hobgoblins
  6 frilled lizards
  4 kobolds
  7 rats
76 creatures vanquished.

Notes
Turn   | Place    | Note
-------+----------+-------------------------------------------
     0 | D:1      | Orthodox the Vampire Gladiator began the quest for the Orb.
     0 | D:1      | Reached XP level 1. HP: 16/16 MP: 1/1
   118 | D:1      | Reached XP level 2. HP: 18/22 MP: 2/2
   650 | D:2      | Reached skill level 4 in Short Blades
   813 | D:2      | Found a faded altar of an unknown god.
   885 | D:2      | Gained mutation: You are afflicted with vampirism and can
                  | become a bat while bloodless. [Vampire growth]
   885 | D:2      | Reached XP level 3. HP: 24/28 MP: 3/3
  1632 | D:3      | Reached XP level 4. HP: 35/35 MP: 4/4
  1646 | D:3      | HP: 1/35 [poisoned by an orc]
  1954 | D:3      | Reached skill level 5 in Short Blades
  1970 | D:3      | Reached XP level 5. HP: 20/42 MP: 5/5
  2305 | D:4      | Found a shimmering altar of Xom.
  2340 | D:4      | Found a broken altar of Ashenzari.
  2344 | D:4      | Saw a vision of the Shoals and the Spider Nest.
  2344 | D:4      | Noticed a hornet
  2344 | D:4      | Noticed a redback
  2344 | D:4      | Noticed a redback
  2344 | D:4      | Noticed a redback
  2344 | D:4      | Noticed a redback
  2344 | D:4      | Noticed a sea snake
  2344 | D:4      | Noticed a merfolk
  2344 | D:4      | Noticed a wind drake
  2344 | D:4      | Noticed a centaur
  2347 | D:4      | Noticed a wolf spider
  2679 | D:5      | Entered Level 5 of the Dungeon
  2689 | D:5      | Noticed an ogre
  2709 | D:4      | Reached XP level 6. HP: 23/49 MP: 6/6
  2786 | D:5      | Found a glowing drain.
  2790 | D:5      | Reached skill level 6 in Short Blades
  2797 | Sewer    | Entered a sewer
  6068 | D:5      | Reached skill level 5 in Fighting
  6099 | D:5      | Reached XP level 7. HP: 39/44 MP: 7/7
  6219 | D:5      | HP: 2/44 [poisoned by a kobold brigand]
  6220 | D:5      | Succumbed to a kobold brigand's poison

Illustrated notes

Levels and vault maps discovered:
D:1:      dpeg_arrival_simpleton_c, layout_rooms, minmay_tripent
D:2:      layout_loops_ring, shapermc_ecumenical_altar_hornbeckon
D:3:      layout_basic, amethyst_killhole
D:4:      layout_cave_pools, grunt_ashenzari_visionary
          [grunt_ashenzari_visionary_shoals, grunt_ashenzari_visionary_spider],
          mainiacjoe_overflow_chevrons
D:5:      corexii_shantytown, layout_cave_pools, portal_sewer_entry_a,
          serial_shops, nicolae_shop_hallway_plus

Skill      XL: |  1  2  3  4  5  6 |
---------------+-------------------+-----
Fighting       | 2 3 4 5 |  5.1
Short Blades   | 4 5 6 |  6.7
Throwing       | |  1.5
Dodging        | |  3.2

Action                   |  1- 3 |  4- 6 |  7- 9 || total
-------------------------+-------+-------+-------++-------
Melee: Rapier            |   107 |   193 |    20 ||   320
       Bite              |     4 |    25 |     5 ||    34
       Punch             |     1 |     7 |       ||     8
Throw: Throwing net      |       |     3 |       ||     3
 Abil: Exsanguinate      |       |     2 |       ||     2
       Revivify          |       |     2 |       ||     2
  Use: Potion            |       |     3 |       ||     3
       Scroll            |       |     4 |       ||     4
 Stab: Held in net/web   |       |     1 |       ||     1
Armor: Leather armour    |    30 |     2 |       ||    32
       Ring mail         |       |    46 |     8 ||    54
Dodge: Dodged            |    45 |    90 |    11 ||   146
Block: Other             |     7 |    37 |     3 ||    47
       Reflection        |       |     3 |     2 ||     5
